 Dungeon Crawl Stone Soup version 0.30-a0-748-ge6a52f7cba (webtiles) character file.

Game seed: 3131476529746518696

336 kae the Digger (level 6, 0/32 HPs)
             Began as a Gargoyle Earth Elementalist on Feb 8, 2023.
             Slain by a gnoll bouda
             ... wielding a +0 club
              (4 damage)
             ... on level 6 of the Dungeon.
             The game lasted 00:03:11 (3205 turns).

kae the Digger (Gargoyle Earth Elementalist)        Turns: 3205, Time: 00:03:12

Health: 0/32       AC:  6    Str: 12    XL:     6   Next: 54%
Magic:  2/11       EV: 11    Int: 17    God:
Gold:   337        SH:  0    Dex: 10    Spells: 5/11 levels left

rFire   + . .      SeeInvis .    d - +1 mace (heavy)
rCold   + . .      Faith    .    (no shield)
rNeg    + . .      Spirit   .    a - +0 robe
rPois   ∞          Reflect  .    (no helmet)
rElec   +          Harm     .    f - scarf {rC+ rF+}
rCorr   .          Rampage  .    (no gloves)
Will    .....                    (no boots)
Stlth   ++                       (no amulet)
HPRegen 0.25/turn                (no ring)
MPRegen 0.12/turn                (no ring)

@: weakened, very slightly contaminated
A: sickness immunity, AC +4, negative energy resistance 1, electricity
resistance, torment resistance 1, petrification resistance
a: no special abilities


You were on level 6 of the Dungeon.
You visited 1 branch of the dungeon, and saw 5 of its levels.

You collected 337 gold pieces.


Innate Abilities, Weirdness & Mutations

You are immune to sickness and miasma.
Your stone body is resilient. (AC +4)
You are immune to poison.
You resist negative energy. (rN+)
You are resistant to electric shocks. (rElec)
You are resistant to unholy torment.
You are immune to petrification.


   Skills:
 - Level 1.5 Dodging
 - Level 2.1 Stealth
 + Level 3.4 Spellcasting
 * Level 3.1 Conjurations
 - Level 0.7 Transmutations
 * Level 6.6 Earth Magic


You had 5 spell levels left.
You knew the following spells:

 Your Spells              Type           Power      Damage    Failure   Level
a - Sandblast             Erth           50%        2d12      1%          1
b - Stone Arrow           Conj/Erth      38%        3d9       7%          3
c - Passwall              Tmut/Erth      12%        N/A       5%          2

Your spell library contained the following spells:

 Spells                   Type           Power      Damage    Failure   Level
 Petrify                  Tmut/Erth      15%        N/A       36%         4

Inventory:

Hand Weapons
 d - a +1 heavy mace (weapon)
   (You took it off an orc on level 4 of the Dungeon)
Missiles
 c - 36 stones
 e - 6 atropa-tipped darts
 i - 5 boomerangs
Armour
 a - a +0 robe (worn)
 f - a scarf of resistance (worn)
   (You found it on level 1 of the Dungeon)
Scrolls
 g - 2 scrolls of poison {unknown}
 h - a scroll of enchant armour {unknown}
 j - 3 scrolls of teleportation {unknown}
 k - 3 scrolls of enchant weapon {unknown}
 l - a scroll of fear {unknown}
 m - a scroll of torment {unknown}
 p - a scroll of identify {unknown}
Potions
 b - 4 potions of magic
 n - a potion of haste {unknown}
 o - a potion of resistance {unknown}

Dungeon Overview and Level Annotations

Branches:
Dungeon (4/15) Zot: 26725
 Temple: D:4-7

Altars:
Okawaru

Annotations:
D:3 1 runed translucent door, Crazy Yiuf

.##..##..# #....
..#......####.....
..................
.................
............. # .
#..... ... ... ...
####...###.#..#
....#.#....gg@....#
............g..####
.##.!........##
#..........##
##..##..##.#
#......####
#..#...# .. #####
..


You could see a gnoll bouda and 2 gnolls.


Message History

You lost 1 mp, and now have 8/11 mp.
Casting: Sandblast (safe; 1% risk of failure)
Confirm with . or Enter, or press ? or * to list all spells.
Aiming: Sandblast (safe; 1% risk of failure)
Press: ? - help, Shift-Dir - straight line, f/p - gnoll
Aim: a gnoll, wielding a +0 halberd (lightly wounded, covering ground quickly, 85% to hit)
The blast of sand hits the gnoll!
The gnoll shouts!
The gnoll hits you from afar with a +0 halberd!
The gnoll barely misses you. 😮 HP[-8] MP[-1]
You take 8 damage, and now have 24/32 hp.
MASSIVE DAMAGE!! (PAUSE)
You lost 1 mp, and now have 7/11 mp.
Casting: Sandblast (safe; 1% risk of failure)
Confirm with . or Enter, or press ? or * to list all spells.
Aiming: Sandblast (safe; 1% risk of failure)
Press: ? - help, Shift-Dir - straight line, f/p - gnoll
Aim: a gnoll, wielding a +0 halberd (almost dead, covering ground quickly, 85% to hit)
The blast of sand hits the gnoll!
You kill the gnoll!
The gnoll is no longer moving quickly. 😕 HP[+1]
Casting: Sandblast (safe; 1% risk of failure)
Confirm with . or Enter, or press ? or * to list all spells.
Aiming: Sandblast (safe; 1% risk of failure)
Press: ? - help, Shift-Dir - straight line, f - gnoll bouda
Aim: a gnoll bouda, wielding a +0 club and wearing a +0 leather armour (85% to hit)
The blast of sand hits the gnoll bouda.
The gnoll bouda hits you with a +0 club.
The gnoll bouda barely misses you. 😮 HP[-5] MP[-1]
You take 5 damage, and now have 20/32 hp.
You lost 1 mp, and now have 6/11 mp.
Casting: Sandblast (safe; 1% risk of failure)
Confirm with . or Enter, or press ? or * to list all spells.
Aiming: Sandblast (safe; 1% risk of failure)
Press: ? - help, Shift-Dir - straight line, f/p - gnoll bouda
Aim: a gnoll bouda, wielding a +0 club and wearing a +0 leather armour (moderately wounded, 85% to hit)
You miscast Sandblast.
You are very lightly contaminated with residual magic.
Nothing appears to happen.
The gnoll closely misses you.
The gnoll bouda gazes fiercely through you!
You feel your attacks grow feeble.
The gnoll bouda hits you with a +0 club!
* * * LOW HITPOINT WARNING * * *
You hear a shout! 😨 HP[-7] MP[-1]
You take 7 damage, and now have 13/32 hp.
MASSIVE DAMAGE!! (PAUSE)
You lost 1 mp, and now have 5/11 mp.
Casting: Sandblast (safe; 1% risk of failure)
Confirm with . or Enter, or press ? or * to list all spells.
Aiming: Sandblast (safe; 1% risk of failure)
Press: ? - help, Shift-Dir - straight line, f/p - gnoll bouda
Aim: a gnoll bouda, wielding a +0 club and wearing a +0 leather armour (moderately wounded, 85% to hit)
The blast of sand hits the gnoll bouda.
A gnoll comes into view. It is wielding a +0 club.
The gnoll closely misses you.
The gnoll bouda hits you with a +0 club.
* * * LOW HITPOINT WARNING * * *
The gnoll hits you but does no damage. 😨 HP[-2] MP[-1]
You take 2 damage, and now have 11/32 hp.
You lost 1 mp, and now have 4/11 mp.
Casting: Sandblast (safe; 1% risk of failure)
Confirm with . or Enter, or press ? or * to list all spells.
Aiming: Sandblast (safe; 1% risk of failure)
Press: ? - help, Shift-Dir - straight line, f/p - gnoll bouda
Aim: a gnoll bouda, wielding a +0 club and wearing a +0 leather armour (heavily wounded, 85% to hit)
The blast of sand hits the gnoll bouda.
The gnoll bouda barks out a call to the hunt!
The gnolls pick up the pace!
The gnoll barely misses you. The gnoll bouda misses you. 😨 MP[-1]
You lost 1 mp, and now have 3/11 mp.
Casting: Sandblast (safe; 1% risk of failure)
Confirm with . or Enter, or press ? or * to list all spells.
Aiming: Sandblast (safe; 1% risk of failure)
Press: ? - help, Shift-Dir - straight line, f/p - gnoll bouda
Aim: a gnoll bouda, wielding a +0 club and wearing a +0 leather armour (severely wounded, 85% to hit)
The blast of sand misses the gnoll bouda.
The gnoll hits you with a +0 flail!
* * * LOW HITPOINT WARNING * * *
The gnoll bouda hits you but does no damage.
The gnoll hits you with a +0 flail.
* * * LOW HITPOINT WARNING * * *
Unknown command. 😱 HP[-8] MP[-1]
You take 8 damage, and now have 3/32 hp.
MASSIVE DAMAGE!! (PAUSE)
You lost 1 mp, and now have 2/11 mp.
Casting: Sandblast (safe; 1% risk of failure)
Confirm with . or Enter, or press ? or * to list all spells.
Aiming: Sandblast (safe; 1% risk of failure)
Press: ? - help, Shift-Dir - straight line, f/p - gnoll bouda
Aim: a gnoll bouda, wielding a +0 club and wearing a +0 leather armour (severely wounded, 85% to hit)
The blast of sand hits the gnoll bouda.
The gnoll bouda hits you with a +0 club.
You die...

Skill      XL: |  1  2  3  4  5  6 |
---------------+-------------------+-----
Earth Magic    | 4 5 6 |  6.6
Conjurations   | 1 2 3 |  3.1
Spellcasting   | 3 |  3.4
Dodging        | |  1.5
Stealth        | |  2.1
Transmutations | |  0.7

Action                     |  1- 3 |  4- 6 || total
---------------------------+-------+-------++-------
  Melee: Unarmed           |    13 |     9 ||    22
   Cast: Sandblast         |    48 |    89 ||   137
    Use: Scroll            |       |     1 ||     1
   Stab: Sleeping          |       |     1 ||     1
 Armour: Robe              |     9 |    21 ||    30
  Dodge: Dodged            |    19 |    44 ||    63

Levels and vault maps discovered:
D:1:      dpeg_arrival_rhombi, layout_rooms, dreamdust_ecumenical_altar_statues
D:2:      layout_loops_ring, kennysheep_generic_room_16
D:3:      layout_basic, overflow_temple_1_default, uniq_crazy_yiuf_cottage
D:4:      layout_loops_cross, serial_demonic, serial_demonic_b,
          serial_demonic_e, serial_demonic_g, serial_demonic_d,
          serial_demonic_g, serial_demonic_e, uniq_blork_the_orc
D:6:      minmay_clustersquares, layout_cave_pools,
          chequers_serial_rivers_micro_c

Notes
Turn   | Place    | Note
-------+----------+-------------------------------------------
     0 | D:1      | kae the Gargoyle Earth Elementalist began the quest for the
                  | Orb.
     0 | D:1      | Reached XP level 1. HP: 10/10 MP: 3/3
     0 | D:1      | magus.rc [v1.11.3]
   169 | D:1      | Reached skill level 4 in Earth Magic
   169 | D:1      | Reached XP level 2. HP: 14/15 MP: 1/5
   526 | D:1      | Found a faded altar of an unknown god.
   535 | D:1      | Reached XP level 3. HP: 19/19 MP: 2/6
   813 | D:2      | Reached skill level 5 in Earth Magic
  1131 | D:2      | Reached XP level 4. HP: 24/24 MP: 0/8
  1211 | D:2      | Learned a level 3 spell: Stone Arrow
  1214 | D:2      | Learned a level 2 spell: Passwall
  2130 | D:3      | Reached skill level 1 in Conjurations
  2149 | D:3      | Found a runed translucent door.
  2150 | D:3      | Noticed Crazy Yiuf
  2452 | D:3      | Found an iron altar of Okawaru.
  2458 | D:3      | Reached XP level 5. HP: 28/28 MP: 5/9
  2600 | D:3      | Reached skill level 3 in Spellcasting
  2843 | D:4      | Reached skill level 6 in Earth Magic
  2845 | D:4      | Reached skill level 2 in Conjurations
  2950 | D:4      | Reached XP level 6. HP: 28/32 MP: 6/10
  3163 | D:4      | Reached skill level 3 in Conjurations
  3181 | D:4      | You fall into a shaft and drop 2 floors!
  3204 | D:6      | HP: 4/32 [gnoll/+0 flail[a gnoll bouda] (7)]
  3205 | D:6      | Slain by a gnoll bouda

Vanquished Creatures
  A scorpion (D:4)
  A howler monkey (D:4)
  7 gnolls
  9 adders
  A shadow imp (D:4)
  2 worms (D:2)
  2 dart slugs
  4 orcs (D:4)
  7 endoplasms
  2 giant cockroaches
  4 goblins
  6 hobgoblins
  12 jackals
  7 ball pythons
  2 bats
  4 frilled lizards
  8 kobolds
  9 rats
88 creatures vanquished.

Vanquished Creatures (others)
  2 demonic plants (D:4)
2 creatures vanquished.

Grand Total: 90 creatures vanquished

Table legend:
 A = Non-vault XP
 B = Vault XP
 C = Vault XP percentage of total XP
 D = Non-vault monster count
 E = Vault monster count
 F = Vault count percentage of total count
                 A         B        C        D         E       F
            +---------+---------+-------+---------+---------+-------
      Total |     470 |      11 |   2.3 |      87 |       1 |   1.1
            +---------+---------+-------+---------+---------+-------
        D:1 |      34 |       0 |   0.0 |      21 |       0 |   0.0
        D:2 |      78 |       0 |   0.0 |      24 |       0 |   0.0
        D:3 |      68 |       0 |   0.0 |      21 |       0 |   0.0
        D:4 |     248 |      11 |   4.2 |      18 |       1 |   5.3
        D:6 |      42 |       0 |   0.0 |       3 |       0 |   0.0
            +---------+---------+-------+---------+---------+-------

Illustrated notes

Table legend:
 A = Kills in this place as a percentage of kills in entire the game.
 B = Kills by you in this place as a percentage of kills by you in the entire game.
 C = Kills by friends in this place as a percentage of kills by friends in the entire game.
 D = Other kills in this place as a percentage of other kills in the entire game.
 E = Experience gained in this place as a percentage of experience gained in the entire game.
 F = Experience gained in this place divided by the number of levels of this place that you have seen.
                   A       B       C       D       E      F
               +-------+-------+-------+-------+-------+----------------------
         Total | 100.0 | 100.0 |   N/A |   N/A | 100.0 |  96.2
       Dungeon | 100.0 | 100.0 |   N/A |   N/A | 100.0 |  96.2
               +-------+-------+-------+-------+-------+----------------------

Table legend: (Time is in decaauts)
 A = Elapsed time spent in this place.
 B = Non-inter-level travel time spent in this place.
 C = Inter-level travel time spent in this place.
 D = Time resting spent in this place.
 E = Time spent auto-exploring this place.
 F = Levels seen in this place.
 G = Mean time per level.
                   A        B        C        D        E       F      G
               +--------+--------+--------+--------+--------+-----+--------+
         Total |   3272 |   3128 |    144 |     58 |   2614 |   5 |  654.4 |
       Dungeon |   3272 |   3128 |    144 |     58 |   2614 |   5 |  654.4 |
               +--------+--------+--------+--------+--------+-----+--------+

Top non-repeatable levels by time:
     D:3: 1072 daAuts
     D:2: 920 daAuts
     D:1: 713 daAuts
     D:4: 538 daAuts
     D:6: 28 daAuts
